 Dungeon Sprint DCSS version 0.24-a0-278-gefa197325e (webtiles) character file.

Game seed: 6086557929259102055

5600000 Hercules1031 the Formicid Barricade (level 27, -34/249 HPs)
             Began as a Formicid Fighter on Apr 30, 2019.
             Was the Champion of Makhleb.
             Annihilated by a meat berserker
             ... wielding a +9 battleaxe
              (47 damage)
             ... in the Dungeon (Sprint VIII: "Arena of Blood").
             The game lasted 00:03:57 (56 turns).

Hercules1031 the Formicid Barricade (FoFi)            Turns: 56, Time: 00:03:58

Health: -34/249    AC: 13    Str: 30    XL:     27
Magic:  28/54      EV: 25    Int: 11    God:    Makhleb [******]
Gold:   0          SH: 19    Dex: 11    Spells: 80/80 levels left

rFire    . . .     SeeInvis +   k - +∞ Axe of Woe
rCold    . . .     Gourm    .   b - +0 shield
rNeg     . . .     Faith    .   a - +0 scale mail
rPois    .         Spirit   .   (helmet unavailable)
rElec    .         Reflect  .   (no cloak)
rCorr    .         Harm     .   (no gloves)
MR       ++...                  (no boots)
Stlth    ++++++++..             (no amulet)
HPRegen  0.51/turn              (no ring)
MPRegen  0.34/turn              (no ring)

@: no status effects
A: permanent stasis, dig shafts and tunnels, four strong arms, antennae 3
a: Dig, Minor Destruction, Lesser Servant of Makhleb, Major Destruction, Greater
Servant of Makhleb, Renounce Religion


You were in the Dungeon.
You worshipped Makhleb.
Makhleb was exalted by your worship.
You were not hungry.

You visited 1 branch

Inventory:

Hand Weapons
 k - the +∞ Axe of Woe (weapon)
   (You found it in the Dungeon)
Armour
 a - a +0 scale mail (worn)
 b - a +0 shield (worn)
Scrolls
 j - a scroll of blinking
Potions
 c - a potion of might
 e - a potion of curing
 f - a potion of heal wounds
 g - a potion of haste
 h - 2 potions of magic
 i - a potion of berserk rage
Comestibles
 d - a ration


   Skills:
 O Level 27 Fighting
 O Level 27 Axes
 O Level 27 Throwing
 O Level 27 Armour
 O Level 27 Dodging
 O Level 27 Stealth
 O Level 27 Shields
 O Level 27 Unarmed Combat
 O Level 27 Spellcasting
 O Level 27 Invocations


You had 80 spell levels left.
You didn't know any spells.
Your spell library was empty.

Dungeon Overview and Level Annotations

Branches:
Dungeon (1/1)

Altars:
Makhleb


Innate Abilities, Weirdness & Mutations

You cannot be hasted, slowed, berserked, paralysed or teleported.
You can dig through walls and to a lower floor.
Your four strong arms can wield two-handed weapons with a shield.
You have a pair of large antennae on your head. (SInv)


Message History

A demon appears!
The tyrant appears out of thin air!
A tyrant comes into view.
You are engulfed in blazing flames.
The meat berserker is engulfed in blazing flames.
You hear a shout!
A meat berserker comes into view. It is wielding a +9 battleaxe.
The sculptor of flesh is engulfed in blazing flames.
The tyrant casts a spell.
You hear a shout!
The large bag of meat is engulfed in blazing flames.
The large bag of meat hits you with a +9 giant spiked club!!!!
* * * LOW HITPOINT WARNING * * *
The large bag of meat hits you with a +9 giant spiked club!!!
* * * LOW HITPOINT WARNING * * *
You hear a shout! x2
The sculptor of flesh is engulfed in blazing flames.
You hear a shout!
The meat berserker is engulfed in blazing flames.
The meat berserker hits you with a +9 battleaxe!!!
You die...

. #... ..#{
#.L....###.X. ..###.
.{o.%..%..%X.###......
o..o.#...X.L.._.O....
...#o.%.%..#.....#
#..o....%..#_.<._#
...#.Oxx..°#..)..#...
....x#2LzX☼))._......
.....§x@O○MM)###......
.....§Oz###X))....###.
....o§☼§M #)°)....#
..........#§§☼{...# {
.#......o...........
#.#.#o..............
.#.#......%%........
.#.#.....O........#
...#.......%#.


You could see 3 accurseds, 2 tentacled monstrosities, 3 tyrants, 2 sculptors of
flesh, a large bag of meat (inner flame), 3 large abominations, 3 meat
berserkers, a small abomination, 8 bags of meat, 3 crawling corpses and a
friendly green death.

Vanquished Creatures
  16 vampire knights (D)
  19 ogres (D)
  5 two-headed ogres (D)
  45 orcs (D)
  3 skeletal warriors (D)
  6 small abominations (D)
  3 large abominations (D)
  7 crawling corpses (D)
104 creatures vanquished.

Vanquished Creatures (others)
  A crawling corpse (D)
1 creature vanquished.

Grand Total: 105 creatures vanquished

Notes
Turn   | Place    | Note
-------+----------+-------------------------------------------
     0 | D        | Found the +∞ Axe of Woe
     0 | D        | Hercules1031 the Formicid Fighter began the quest for the
                  | Orb.
     0 | D        | Reached XP level 1. HP: 18/18 MP: 1/1
     2 | D        | Noticed a bag of meat
     4 | D        | Became a worshipper of Makhleb the Destroyer
     4 | D        | Noticed a meat berserker
     5 | D        | Noticed a bag of meat
     6 | D        | Killed a meat berserker
     6 | D        | Reached XP level 2. HP: 47/47 MP: 2/2
     6 | D        | Reached XP level 3. HP: 53/53 MP: 3/3
     6 | D        | Reached XP level 4. HP: 61/61 MP: 4/4
     6 | D        | Reached XP level 5. HP: 67/67 MP: 5/5
     6 | D        | Reached XP level 6. HP: 74/74 MP: 6/6
     6 | D        | Reached XP level 7. HP: 80/80 MP: 7/7
     6 | D        | Reached XP level 8. HP: 88/88 MP: 8/8
     6 | D        | Reached XP level 9. HP: 94/94 MP: 9/9
     6 | D        | Reached XP level 10. HP: 101/101 MP: 10/10
     6 | D        | Reached XP level 11. HP: 107/107 MP: 11/11
     6 | D        | Reached XP level 12. HP: 115/115 MP: 12/12
     6 | D        | Reached XP level 13. HP: 121/121 MP: 13/13
     6 | D        | Noticed a bag of meat
     6 | D        | Noticed a bag of meat
     8 | D        | Noticed a bag of meat
     9 | D        | Killed a bag of meat
     9 | D        | Reached * piety under Makhleb
     9 | D        | Reached XP level 14. HP: 133/133 MP: 14/14
     9 | D        | Noticed a bag of meat
    10 | D        | Killed a bag of meat
    10 | D        | Reached skill level 15 in Dodging
    10 | D        | Reached XP level 15. HP: 141/141 MP: 15/15
    11 | D        | Noticed a meat berserker
    12 | D        | Killed a meat berserker
    12 | D        | Reached XP level 16. HP: 154/154 MP: 16/16
    12 | D        | Reached ** piety under Makhleb
    13 | D        | Noticed a meat berserker
    13 | D        | Noticed a meat berserker
    13 | D        | Noticed a large bag of meat
    13 | D        | Noticed a meat berserker
    15 | D        | Reached XP level 17. HP: 167/167 MP: 17/17
    16 | D        | Reached *** piety under Makhleb
    16 | D        | Killed a meat berserker
    16 | D        | Reached XP level 18. HP: 180/180 MP: 18/18
    17 | D        | Noticed a meat berserker
    17 | D        | Reached skill level 27 in Fighting
    17 | D        | Reached skill level 27 in Shields
    17 | D        | Reached **** piety under Makhleb
    17 | D        | Reached skill level 27 in Armour
    17 | D        | Reached XP level 19. HP: 189/189 MP: 19/19
    17 | D        | Noticed a large bag of meat
    18 | D        | Noticed a meat berserker
    19 | D        | Killed a large bag of meat
    19 | D        | Reached skill level 27 in Axes
    19 | D        | Reached skill level 27 in Dodging
    19 | D        | Reached XP level 20. HP: 161/197 MP: 19/31
    19 | D        | Reached skill level 10 in Throwing
    19 | D        | Reached skill level 10 in Spellcasting
    19 | D        | Killed a meat berserker
    19 | D        | Reached ***** piety under Makhleb
    19 | D        | Reached skill level 15 in Throwing
    19 | D        | Reached skill level 15 in Spellcasting
    20 | D        | Reached XP level 21. HP: 204/204 MP: 19/41
    20 | D        | Killed a meat berserker
    20 | D        | Reached XP level 22. HP: 212/212 MP: 19/46
    22 | D        | Reached skill level 27 in Stealth
    22 | D        | Reached ****** piety under Makhleb
    22 | D        | Reached skill level 27 in Invocations
    22 | D        | Noticed a meat berserker
    23 | D        | Reached XP level 23. HP: 219/219 MP: 19/53
    23 | D        | Noticed a destroyer
    23 | D        | Noticed a destroyer
    24 | D        | Reached skill level 27 in Throwing
    24 | D        | Reached skill level 27 in Spellcasting
    25 | D        | Reached skill level 27 in Unarmed Combat
    25 | D        | Reached XP level 24. HP: 227/227 MP: 20/54
    26 | D        | Killed a large bag of meat
    26 | D        | Reached XP level 25. HP: 234/234 MP: 20/54
    27 | D        | Noticed a large bag of meat
    28 | D        | Killed a destroyer
    29 | D        | Noticed a destroyer
    30 | D        | Reached XP level 26. HP: 242/242 MP: 21/54
    30 | D        | Noticed a destroyer
    31 | D        | Noticed a destroyer
    31 | D        | Noticed a destroyer
    31 | D        | Noticed a destroyer
    32 | D        | Killed a destroyer
    32 | D        | Reached XP level 27. HP: 249/249 MP: 22/54
    32 | D        | Noticed a destroyer
    33 | D        | Noticed a destroyer
    33 | D        | Noticed a destroyer
    34 | D        | Killed a destroyer
    35 | D        | Killed a destroyer
    35 | D        | Noticed a destroyer
    36 | D        | Killed a destroyer
    36 | D        | Killed a large bag of meat
    36 | D        | Killed a destroyer
    37 | D        | Noticed a large bag of meat
    38 | D        | Killed a destroyer
    39 | D        | Noticed a destroyer
    39 | D        | Killed a destroyer
    40 | D        | Killed a destroyer
    40 | D        | Noticed a destroyer
    41 | D        | Noticed a destroyer
    41 | D        | Noticed a large bag of meat
    41 | D        | Noticed a destroyer
    42 | D        | Killed a destroyer
    42 | D        | Killed a destroyer
    43 | D        | Noticed a destroyer
    44 | D        | Killed a destroyer
    44 | D        | Killed a destroyer
    45 | D        | Killed a large bag of meat
    46 | D        | Noticed an accursed
    47 | D        | Noticed an accursed
    47 | D        | Killed a destroyer
    48 | D        | Noticed a large bag of meat
    49 | D        | Noticed an accursed
    51 | D        | Killed a large bag of meat
    53 | D        | Noticed a tyrant
    53 | D        | Noticed a tyrant
    55 | D        | Killed a destroyer
    55 | D        | Killed a destroyer
    56 | D        | Annihilated by a meat berserker

Levels and vault maps discovered:
D:        meatsprint

Skill      XL: |  1  2  3  4  5  6  7  8  9 10 11 12 13 14 15 16 17 18 19 20 21 22 23 |
---------------+----------------------------------------------------------------------+-----
Fighting       | 17 19 20 22 24 26 27 | 27.0
Axes           | 14 16 18 20 22 26 27 | 27.0
Armour         | 16 18 19 21 23 25 27 | 27.0
Dodging        | 13 14 15 17 19 20 23 27 | 27.0
Shields        | 17 19 20 22 25 26 27 | 27.0
Throwing       | 7 16 20 26 27 | 27.0
Stealth        | 8 20 25 27 | 27.0
Spellcasting   | 7 16 20 26 27 | 27.0
Invocations    | 7 19 23 27 | 27.0
Unarmed Combat | 27 | 27.0

Action                   |  1- 3 |  4- 6 |  7- 9 | 10-12 | 13-15 | 16-18 | 19-21 | 22-24 | 25-27 || total
-------------------------+-------+-------+-------+-------+-------+-------+-------+-------+-------++-------
Melee: Executioner's axe |     1 |       |       |       |     3 |     4 |     2 |     6 |    23 ||    39
Invok: Greater Servant o |       |       |       |       |       |       |       |       |     2 ||     2
Armor: Scale mail        |       |       |       |       |       |       |       |       |     1 ||     1
Dodge: Dodged            |       |       |       |       |       |     1 |       |       |     2 ||     3
Block: Shield            |       |       |       |       |     2 |       |     1 |       |     6 ||     9

Table legend:
 A = Non-vault XP
 B = Vault XP
 C = Vault XP percentage of total XP
 D = Non-vault monster count
 E = Vault monster count
 F = Vault count percentage of total count
                 A         B        C        D         E       F
            +---------+---------+-------+---------+---------+-------
      Total | 1380081 | 1199581 |  46.5 |      47 |      50 |  51.5
            +---------+---------+-------+---------+---------+-------
          D | 1380081 | 1199581 |  46.5 |      47 |      50 |  51.5
            +---------+---------+-------+---------+---------+-------
